 Dungeon Crawl Stone Soup version 0.19.0-20-gbc5f0c6 (webtiles) character file.

38 smedtjen the Ogre Mage (level 3, -2/31 HPs)
             Began as an Ogre Fire Elementalist on Nov 17, 2016.
             Slain by a gnoll
             ... wielding a cursed -1 spear
              (9 damage)
             ... on level 2 of the Dungeon.
             The game lasted 00:10:05 (1610 turns).

smedtjen the Ogre Mage (Ogre Fire Elementalist)     Turns: 1610, Time: 00:10:06

Health: -2/31      AC:  3    Str: 13    XL:     3   Next: 43%
Magic:  1/7        EV: 10    Int: 15    God:
Gold:   45         SH:  0    Dex: 10    Spells: 2 memorised, 4 levels left

rFire  . . .     SeeInvis .     h - +0 mace
rCold  . . .     Gourm    .     o - +0 robe
rNeg   . . .     Faith    .     (no shield)
rPois  .         Spirit   .     (helmet restricted)
rElec  .         Reflect  .     (no cloak)
rCorr  .         Harm     .     (gloves unavailable)
MR     .....                    (boots unavailable)
Stlth  ++........               (no amulet)
                                (no ring)
                                (no ring)

@: no status effects
A: unfitting armour, tough skin 1
a: no special abilities


You were on level 2 of the Dungeon.
You were not hungry.

You visited 1 branch of the dungeon, and saw 2 of its levels.

You collected 45 gold pieces.

Inventory:

Hand Weapons
 e - a +0 dagger
 h - a +0 mace (weapon)
 i - a +0 club
Missiles
 d - 16 poisoned needles (quivered)
 m - 34 bolts
Armour
 l - a +0 robe
 o - a +0 robe (worn)
Scrolls
 g - a scroll of identify
Potions
 j - a potion of heal wounds {unknown}
 k - a potion of might {unknown}
Books
 b - a book of Flames

   Spells                             Type                      Level
   a - Flame Tongue                   Conjuration/Fire             1
   b - Throw Flame                    Conjuration/Fire             2
   c - Conjure Flame                  Conjuration/Fire             3
   d - Inner Flame                    Hexes/Fire                   3
   e - Sticky Flame                   Conjuration/Fire             4
   f - Fireball                       Conjuration/Fire             5
Comestibles
 c - a bread ration


   Skills:
 + Level 0.3 Maces & Flails
 + Level 2.0 Dodging
 + Level 1.6 Stealth
 + Level 2.9 Spellcasting
 + Level 0.8 Conjurations
 + Level 2.7 Fire Magic


You had 4 spell levels left.
You knew the following spells:

 Your Spells              Type           Power        Failure   Level  Hunger
a - Flame Tongue          Conj/Fire      #....        12%         1    #......
b - Throw Flame           Conj/Fire      #.....       14%         2    ##.....


Dungeon Overview and Level Annotations

Branches:
Dungeon (2/15)

Altars:


Innate Abilities, Weirdness & Mutations

You are too large for most types of armour.
You have tough skin. (AC +1)


Message History

Aim: a gnoll (lightly wounded)
The flame tongue hits the gnoll.
The gnoll is almost dead.
The gnoll closely misses you.
Casting: Flame Tongue
Confirm with . or Enter, or press ? or * to list all spells.
Aiming: Flame Tongue
Press: ? - help, Shift-Dir - straight line, f/p - gnoll
Aim: a gnoll (almost dead)
The flame tongue hits the gnoll.
You kill the gnoll!
Casting: Flame Tongue
Confirm with . or Enter, or press ? or * to list all spells.
You don't have enough magic to cast that spell.
Casting: Flame Tongue
Confirm with . or Enter, or press ? or * to list all spells.
You don't have enough magic to cast that spell.
The gnoll misses you.
The gnoll hits you from afar with an enchanted spear!
You die...

#.##########
#..........#
########.#.# #. #.#.#
####### #.
#.#.######.....# ##
#.#...@gg......########
#.########.............
#.# #.....######## #.#
####.....#
#.####...#######
####........#
...........#...####
##########.........
####.#####


You could see 2 gnolls.

Vanquished Creatures
  A gnoll (D:2)
  An ooze (D:1)
  A leopard gecko (D:1)
  A giant cockroach (D:1)
  4 goblins (D:1)
  2 hobgoblins (D:1)
  2 jackals (D:1)
  A quokka (D:2)
  3 bats
  A frilled lizard (D:1)
  3 kobolds
  A rat (D:1)
21 creatures vanquished.

Notes
Turn   | Place    | Note
-------+----------+-------------------------------------------
     0 | D:1      | smedtjen the Ogre Fire Elementalist began the quest for the Orb.
     0 | D:1      | Reached XP level 1. HP: 16/16 MP: 3/3
   577 | D:1      | Reached XP level 2. HP: 24/24 MP: 1/5
   955 | D:1      | Learned a level 2 spell: Throw Flame
  1352 | D:1      | Reached XP level 3. HP: 31/31 MP: 5/7
  1610 | D:2      | Slain by a gnoll

Skill      XL: |  1  2 |
---------------+-------+-----
Dodging        | 2 |  2.0
Maces & Flails | |  0.3
Stealth        | |  1.6
Spellcasting   | |  2.9
Conjurations   | |  0.8
Fire Magic     | |  2.7

Action                   || total
-------------------------++-------
Melee: Unarmed           ||     2
       Mace              ||     6
 Cast: Flame Tongue      ||    31
       Throw Flame       ||     4
  Use: Scroll            ||     1
       Potion            ||     1
  Eat: Bread ration      ||     1
Armor: Robe              ||    10
Dodge: Dodged            ||    25
